 Dungeon Crawl Stone Soup version 0.22.1-2-g9c5b331 (webtiles) character file.

26798 dvd the Geomancer (level 13, 0/105 HPs)
             Began as a Deep Dwarf Earth Elementalist on Nov 18, 2018.
             Was a High Priest of Makhleb.
             Hit by a javelin thrown by a minotaur (28 damage)
             ... in a labyrinth.
             The game lasted 01:11:33 (12515 turns).

dvd the Geomancer (Deep Dwarf Earth Elementalist)  Turns: 12515, Time: 01:11:34

Health: 0/105      AC: 11    Str: 25    XL:     13   Next: 0%
Magic:  13/24      EV: 22    Int: 23    God:    Makhleb [*****.]
Gold:   577        SH:  0    Dex: 18    Spells: 14/30 levels left

rFire    . . .     SeeInvis +   l - +1 battleaxe of Mana {vamp, Int+5} (curse)
rCold    + . .     Gourm    .   (shield currently unavailable)
rNeg     . . .     Faith    .   H - +2 ring mail "Gucip" {*Contam rC+ Str+10}
rPois    +         Spirit   .   (no helmet)
rElec    .         Reflect  .   K - +2 cloak {+Inv}
rCorr    .         Harm     .   (no gloves)
MR       +....                  (no boots)
Stlth    +++.......             w - amulet of magic regeneration
HPRegen  0.00/turn              L - ring of see invisible
MPRegen  0.44/turn              s - ring of poison resistance

@: agile, non-regenerating, hasted, very quick
A: damage resistance, heal wounds, talons 1, repulsion field 1, sense
surroundings 2, MP-powered wands, no regeneration
a: Heal Wounds, Minor Destruction, Lesser Servant of Makhleb, Major Destruction,
Greater Servant of Makhleb, Renounce Religion, Evoke Invisibility


You were in a labyrinth.
You worshipped Makhleb.
Makhleb was extremely pleased with you.
You were not hungry.

You visited 4 branches of the dungeon, and saw 18 of its levels.
You also visited: Labyrinth and Ossuary.

You collected 889 gold pieces.
You spent 312 gold pieces at shops.

Inventory:

Hand Weapons
 k - the +10 spear of Ydwataca {pierce, rF++ rN+}
   (You found it on level 9 of the Dungeon)

   It inflicts extra damage upon your enemies.
   It greatly protects you from fire.
   It protects you from negative energy.
 l - the cursed +1 battleaxe of Mana (weapon) {vamp, Int+5}
   (You took it off an orc warrior on level 11 of the Dungeon)

   It inflicts no extra harm, but heals its wielder when it wounds a living foe.
   It affects your intelligence (+5).
   It has a curse placed upon it.
 m - a +6 flail of protection
 O - a +3 morningstar
Missiles
 b - 237 stones (quivered)
Armour
 h - the +4 scale mail of Tunuh {rC+ rCorr Stlth+}
   (You found it on level 2 of the Lair of Beasts)

   It protects you from cold.
   It provides partial protection from all sources of acid and corrosion.
   It makes you more stealthy.
 q - the +1 shield of Gehenna {Str-2 Dex+5 SInv}
   (You found it on level 9 of the Dungeon)

   It affects your strength (-2).
   It affects your dexterity (+5).
   It lets you see invisible.
 D - the +4 plate armour of Biynudai {rPois rN+ Stlth-}
   (You took it off an orc warrior on level 11 of the Dungeon)

   It protects you from poison.
   It protects you from negative energy.
   It makes you less stealthy.
 H - the +2 ring mail "Gucip" (worn) {*Contam rC+ Str+10}
   (You found it on level 2 of the Lair of Beasts)

   It affects your strength (+10).
   It protects you from cold.
   It causes magical contamination when unequipped.
 K - a +2 cloak of invisibility (worn)
 N - +0 storm dragon scales
 P - a +2 ring mail of cold resistance
Jewellery
 s - a ring of poison resistance (right hand)
 w - an amulet of magic regeneration (around neck)
 x - an uncursed ring of fire
 L - a ring of see invisible (left hand)
Wands
 g - a wand of polymorph (14)
 y - a wand of iceblast (6)
 E - a wand of disintegration (22)
 M - a wand of scattershot (4)
Scrolls
 c - 6 scrolls of teleportation
 e - 5 scrolls of fog
 f - 7 scrolls of identify
 p - 4 scrolls of amnesia
 r - 10 scrolls of remove curse
 u - a scroll of magic mapping
 I - 5 scrolls of fear
Potions
 a - 2 potions of heal wounds
 i - 14 potions of curing
 n - a potion of cancellation
 o - a potion of brilliance
 t - 7 potions of flight
 v - a potion of ambrosia
 A - a potion of agility
 B - 2 potions of resistance
 J - 2 potions of haste
Comestibles
 d - 22 rations


   Skills:
 + Level 4.1 Fighting
 * Level 3.3(7.0) Axes
 + Level 8.5(8.8) Maces & Flails
 + Level 1.8(2.5) Polearms
 + Level 6.9 Armour
 + Level 6.3 Dodging
 + Level 3.8 Stealth
 + Level 7.2 Shields
 + Level 9.2 Spellcasting
 + Level 4.4 Conjurations
 + Level 1.3 Transmutations
 + Level 13.1 Earth Magic
 + Level 6.3 Invocations
 + Level 2.6 Evocations


You had 14 spell levels left.
You knew the following spells:

 Your Spells              Type           Power        Failure   Level  Hunger
a - Sandblast             Erth           ######       1%          1    None
b - Stone Arrow           Conj/Erth      ######       1%          3    None
c - Lee's Rapid Deconstr  Erth           ######....   1%          5    ####...
d - Petrify               Tmut/Erth      #####...     4%          4    ##.....
e - Vampiric Draining     Necr           ##........   26%         3    None

Your spell library contained the following spells:

 Spells                   Type           Power        Failure   Level  Hunger
 Passwall                 Tmut/Erth      #####...     1%          2    None
 Animate Skeleton         Necr           N/A          9%          1    None
 Apportation              Tloc           ##....       9%          1    None
 Confusing Touch          Hex            ##....       9%          1    None
 Pain                     Necr           ##..         9%          1    None
 Summon Small Mammal      Summ           ##..         9%          1    None
 Confuse                  Hex            ##......     26%         3    None
 Gell's Gravitas          Tloc           ##........   26%         3    None
 Animate Dead             Necr           N/A          65%         4    ##.....
 Yara's Violent Unravell  Hex/Tmut       ##........   88%         5    ####...
 Metabolic Englaciation   Hex/Ice        ##........   94%         5    ####...
 Regeneration             Chrm/Necr      Unusable     N/A         3    N/A

Dungeon Overview and Level Annotations

Branches:
Dungeon (11/15)            Temple (1/1) D:7            Lair (5/6) D:11
 Shoals (0/4) Lair:3        Snake (0/4) Lair:4          Orc (1/2) D:9
  Slime: Lair:5-6

Altars:
Ashenzari
Cheibriados
Dithmenos
Elyvilon
Fedhas
Gozag
Hepliaklqana
Kikubaaqudgha
Makhleb
Nemelex Xobeh
Okawaru
Qazlal
Ru
Sif Muna
Trog
Uskayaw
Vehumet
Wu Jian
Xom
Yredelemnul
Zin
The Shining One
Beogh

Shops:
D:7 !   D:8 *

Annotations:
Lair:2 exclusion: oklob plant
Orc:1 Erica


Innate Abilities, Weirdness & Mutations

You are resistant to damage.
You can heal yourself by infusing magical energy.
You passively map the area around you.
You do not regenerate.
You have sharp toenails.
You are surrounded by a mild repulsion field. (EV +2)
You expend magic power (3 MP) to strengthen your wands.


Message History

The minotaur hits you with a hand axe!
* * * LOW HITPOINT WARNING * * *
The minotaur gores you but does no damage.
Unknown command.
A demon appears!
The minotaur throws a javelin.
The javelin misses you.
The minotaur throws a javelin.
The javelin hits you.
You see here a javelin.
You feel better.
Okay, then.
Casting: Sandblast (safe; 1% risk of failure)
Confirm with . or Enter, or press ? or * to list all spells.
Aiming: Lee's Rapid Deconstruction (safe; 1% risk of failure)
Press: ? - help, Dir - move target cursor, p - minotaur A metal wall.
The metal wall shatters!
The blast of metal fragments hits the minotaur.
The minotaur is severely wounded.
The minotaur bellows!
The minotaur throws a javelin.
The javelin hits you!!
You die...

#. .. . .#.# #.
. # ##.#. #. .
#. ..' #.
##.#..# #. #.###
# . # .# #. ....
.# #.#..
######.##.#
.#.((
HH.(...(...# #
#.#####(#3###@##
. #. #.3.#.#...#
### .#.
##.#.###.# # . .
#.#.#.3.....#
#.#.
.#.#.#####.#.# #
# #.. # .#. . ##
.### # #. . #.#
# ## .#


You could see a minotaur and a friendly ynoxinul.

Vanquished Creatures
  Snorg (Lair:4)
  4 hydras
  A catoblepas (Lair:2)
  3 two-headed ogres
  The ghost of Paps the Carver, a novice DsFi of Okawaru (D:11)
  An unseen horror (D:10)
  Pikel (D:6)
  A black mamba (Lair:4)
  Joseph (D:9)
  A torpor snail (Lair:2)
  5 elephants
  A gargoyle (D:10)
  3 spiny frogs
  2 rime drakes (Lair:2)
  4 komodo dragons
  Prince Ribbit (D:5)
  3 blink frogs (Lair:3)
  A dream sheep (Lair:2)
  A hippogriff (Lair:1)
  Sigmund (D:5)
  A shadow (D:11)
  A spriggan (D:7)
  A wraith (D:10)
  9 yaks
  3 wyverns
  Eustachio (D:5)
  A basilisk (Lair:2)
  9 water moccasins
  6 porcupines
  13 orc warriors
  4 sky beasts
  2 ice beasts
  2 slaves (D:6)
  2 black bears
  A necrophage (D:7)
  3 ogres
  10 wolves
  6 centaurs
  2 phantoms
  5 crocodiles
  3 big kobolds (D:9)
  9 bullfrogs
  An elf zombie (Ossuary)
  Blork the orc (D:6)
  A scorpion (D:9)
  A troll zombie (Ossuary)
  8 wights
  An electric eel (Lair:2)
  A crimson imp (D:8)
  2 centaur zombies
  3 bullfrog zombies
  3 jellies
  10 orc priests
  Crazy Yiuf (D:6)
  6 hounds
  2 bullfrog skeletons
  Ijyb (D:4)
  Terence (D:1)
  10 worker ants
  3 iguanas
  12 orc wizards
  3 ogre zombies (Ossuary)
  A hound skeleton (D:11)
  7 mummies (Ossuary)
  A worker ant zombie (D:6)
  A gnoll (D:9)
  A howler monkey skeleton (D:6)
  12 adders
  2 shadow imps
  An ooze (D:1)
  2 adder zombies (Ossuary)
  2 worms (D:2)
  2 dart slugs
  3 leopard geckos
  43 orcs
  5 bats
  5 giant cockroaches
  A gnoll zombie (Ossuary)
  13 goblins
  9 hobgoblins
  19 jackals
  9 kobolds
  3 quokkas
  2 ball pythons
  A ball python zombie (D:5)
  4 frilled lizards
  3 goblin zombies (Ossuary)
  2 hobgoblin zombies (Ossuary)
  2 kobold zombies (Ossuary)
  7 quokka zombies (Ossuary)
  8 rats
  7 rat zombies (Ossuary)
  A fungus (D:6)
381 creatures vanquished.

Vanquished Creatures (collateral kills)
  An elephant (Lair:3)
  A troll (D:9)
  A dream sheep (Lair:2)
  A warg (D:11)
  An orc warrior (D:9)
  3 ogres (D:9)
  4 gnoll sergeants (D:9)
  A gnoll (D:9)
  An orc (D:9)
14 creatures vanquished.

Vanquished Creatures (others)
  A yak (Lair:2)
  A bullfrog (D:9)
  A quasit (D:9)
  A hound skeleton (D:9)
  2 fungi (Lair:1)
  2 plants
  6 toadstools (Lair:2)
14 creatures vanquished.

Grand Total: 409 creatures vanquished

Notes
Turn   | Place    | Note
-------+----------+-------------------------------------------
     0 | D:1      | dvd the Deep Dwarf Earth Elementalist began the quest for
                  | the Orb.
     0 | D:1      | Reached XP level 1. HP: 15/15 MP: 3/3
   121 | D:1      | Reached XP level 2. HP: 22/22 MP: 0/4
   365 | D:1      | Reached XP level 3. HP: 20/28 MP: 1/6
   471 | D:1      | Learned a level 3 spell: Stone Arrow
   565 | D:2      | Noticed Terence
   644 | D:1      | Killed Terence
   644 | D:1      | Reached skill level 5 in Earth Magic
   644 | D:1      | Reached XP level 4. HP: 31/36 MP: 7/7
   802 | D:2      | Found a burning altar of Makhleb.
   817 | D:2      | Became a worshipper of Makhleb the Destroyer
  1874 | D:3      | Reached XP level 5. HP: 35/43 MP: 7/9
  2343 | D:4      | Reached skill level 1 in Maces & Flails
  2343 | D:4      | Reached skill level 1 in Armour
  2356 | D:4      | Learned a level 5 spell: Lee's Rapid Deconstruction
  2525 | D:4      | Found a sand-covered staircase.
  2557 | Ossuary  | Entered an ossuary
  2647 | Ossuary  | Reached * piety under Makhleb
  2659 | Ossuary  | Reached skill level 6 in Earth Magic
  2711 | Ossuary  | Reached XP level 6. HP: 26/50 MP: 3/10
  3026 | Ossuary  | Reached skill level 1 in Fighting
  3047 | Ossuary  | Reached ** piety under Makhleb
  3067 | Ossuary  | Reached skill level 1 in Conjurations
  3111 | Ossuary  | Reached XP level 7. HP: 57/57 MP: 7/11
  3331 | D:4      | Noticed Ijyb
  3341 | D:4      | Killed Ijyb
  3848 | D:5      | Entered Level 5 of the Dungeon
  3868 | D:5      | Noticed Prince Ribbit
  3874 | D:5      | Killed Prince Ribbit
  3874 | D:5      | Reached skill level 7 in Earth Magic
  3874 | D:5      | Reached XP level 8. HP: 64/64 MP: 7/14
  3948 | D:5      | Noticed Eustachio
  3964 | D:5      | Killed Eustachio
  4024 | D:5      | Noticed Sigmund
  4029 | D:5      | Killed Sigmund
  4029 | D:5      | Reached skill level 8 in Earth Magic
  4167 | D:5      | Reached skill level 5 in Spellcasting
  4316 | D:5      | Reached *** piety under Makhleb
  4387 | D:6      | Noticed Blork the orc
  4399 | D:6      | Killed Blork the orc
  4455 | D:6      | Reached skill level 9 in Earth Magic
  4457 | D:6      | Gained mutation: You passively map the area around you.
                  | [Deep Dwarf growth]
  4457 | D:6      | Reached XP level 9. HP: 46/72 MP: 14/16
  4521 | D:6      | Found a glowing golden altar of the Shining One.
  4813 | D:6      | Found a glowing silver altar of Zin.
  4921 | D:6      | Reached skill level 10 in Earth Magic
  4962 | D:6      | Noticed Pikel
  4973 | D:6      | Killed Pikel
  4973 | D:6      | Reached skill level 5 in Maces & Flails
  5239 | D:6      | Found a runed door.
  5243 | D:6      | Noticed Crazy Yiuf
  5245 | D:6      | Killed Crazy Yiuf
  5370 | D:7      | Learned a level 4 spell: Petrify
  5406 | D:7      | Reached **** piety under Makhleb
  5489 | D:7      | Found Iceu's Distillery.
  5508 | D:7      | Bought 2 potions of curing for 72 gold pieces
  5508 | D:7      | Bought a potion of haste for 120 gold pieces
  5508 | D:7      | Bought 2 potions of heal wounds for 120 gold pieces
  5636 | D:7      | Found a staircase to the Ecumenical Temple.
  5645 | Temple   | Entered the Ecumenical Temple
  6026 | D:8      | Reached XP level 10. HP: 81/81 MP: 10/18
  6038 | D:8      | Noticed a two-headed ogre
  6043 | D:8      | Killed a two-headed ogre
  6043 | D:8      | Reached skill level 1 in Transmutations
  6043 | D:8      | Reached skill level 1 in Invocations
  6049 | D:8      | Noticed a two-headed ogre
  6057 | D:8      | Killed a two-headed ogre
  6057 | D:8      | Reached skill level 11 in Earth Magic
  6256 | D:8      | Found an opulent altar of Gozag.
  6334 | D:8      | Found Gozag's Platinum Reserve.
  6487 | D:9      | Noticed Joseph
  6497 | D:9      | Killed Joseph
  6497 | D:9      | Reached skill level 5 in Armour
  6857 | D:9      | Got an ichor-stained spear
  6858 | D:9      | Identified the +10 spear of Ydwataca {pierce, rF++ rN+}
                  | (You found it on level 9 of the Dungeon)
  6914 | D:9      | Got a scorched shield
  6920 | D:9      | Identified the +1 shield of Gehenna {Str-2 Dex+5 SInv} (You
                  | found it on level 9 of the Dungeon)
  6968 | D:9      | Reached ***** piety under Makhleb
  6981 | D:9      | Reached skill level 1 in Shields
  6986 | D:9      | Reached XP level 11. HP: 66/90 MP: 19/21
  7040 | D:9      | Found a staircase to the Orcish Mines.
  7050 | D:9      | Reached skill level 5 in Invocations
  7084 | D:9      | Reached skill level 1 in Polearms
  7204 | D:10     | Entered Level 10 of the Dungeon
  7209 | D:10     | Noticed an unseen horror
  7221 | D:10     | Killed an unseen horror
  8069 | D:11     | Noticed Paps's ghost (novice DsFi)
  8070 | D:11     | Found a runed gate.
  8070 | D:11     | Found a runed gate.
  8070 | D:11     | Found a runed gate.
  8071 | D:11     | Found a roughly hewn altar of Beogh.
  8147 | D:11     | Reached skill level 5 in Dodging
  8222 | D:11     | Found a staircase to the Lair.
  8334 | D:11     | Noticed a two-headed ogre
  8342 | D:11     | Killed a two-headed ogre
  8539 | Lair:1   | Entered Level 1 of the Lair of Beasts
  8539 | Lair:1   | Noticed a four-headed hydra
  8542 | Lair:1   | Killed a four-headed hydra
  8676 | Lair:1   | Reached skill level 12 in Earth Magic
  9217 | D:11     | Noticed a blizzard demon
  9308 | Orc:1    | Entered Level 1 of the Orcish Mines
  9308 | Orc:1    | Noticed Erica
  9308 | Orc:1    | Noticed an orc sorcerer
  9310 | Orc:1    | Paralysed by an orc sorcerer for 3 turns
  9480 | Lair:2   | Got a dazzling ring mail
  9491 | Lair:2   | Identified the +2 ring mail "Gucip" {*Contam rC+ Str+10}
                  | (You found it on level 2 of the Lair of Beasts)
  9512 | Lair:2   | Noticed a five-headed hydra
  9527 | Lair:2   | Killed a five-headed hydra
  9637 | Lair:2   | Got a smoking scale mail
  9638 | Lair:2   | Identified the +4 scale mail of Tunuh {rC+ rCorr Stlth+}
                  | (You found it on level 2 of the Lair of Beasts)
  9655 | Lair:2   | Noticed a catoblepas
  9669 | Lair:2   | Killed a catoblepas
  9669 | Lair:2   | Reached skill level 5 in Shields
  9669 | Lair:2   | Reached XP level 12. HP: 58/98 MP: 7/23
  9998 | Lair:2   | Found a blossoming altar of Fedhas.
 10460 | Lair:3   | Gained mutation: You expend magic power (3 MP) to
                  | strengthen your wands. [potion of mutation]
 10460 | Lair:3   | Gained mutation: You are surrounded by a mild repulsion
                  | field. (EV +2) [potion of mutation]
 10460 | Lair:3   | Gained mutation: You have sharp toenails. [potion of
                  | mutation]
 10508 | Lair:3   | Found a staircase to the Shoals.
 10745 | Lair:3   | Noticed a five-headed hydra
 10753 | Lair:3   | Killed a five-headed hydra
 11206 | D:11     | Killed Paps's ghost
 11215 | D:11     | Reached skill level 13 in Earth Magic
 11235 | D:11     | Got a fine battleaxe {vamp}
 11235 | D:11     | Got a smoking plate armour
 11242 | D:11     | Identified the cursed +1 battleaxe of Mana {vamp, Int+5}
                  | (You took it off an orc warrior on level 11 of the Dungeon)
 11291 | D:11     | Identified the +4 plate armour of Biynudai {rPois rN+
                  | Stlth-} (You took it off an orc warrior on level 11 of the
                  | Dungeon)
 11423 | Lair:4   | HP: 1/99 [black mamba (5)]
 11432 | Lair:4   | Reached skill level 1 in Axes
 11451 | Lair:4   | Reached skill level 1 in Evocations
 11746 | Lair:4   | Learned a level 3 spell: Vampiric Draining
 11757 | Lair:4   | Noticed Snorg
 11772 | Lair:4   | Killed Snorg
 11897 | Lair:4   | Noticed a four-headed hydra
 11901 | Lair:4   | Killed a four-headed hydra
 12040 | Lair:4   | Found a staircase to the Snake Pit.
 12260 | Lair:5   | Found a labyrinth entrance.
 12265 | Lair:5   | Reached XP level 13. HP: 103/105 MP: 20/25
 12285 | Lab      | Entered a labyrinth
 12484 | Lab      | Noticed a minotaur
 12515 | Lab      | Hit by a javelin thrown by a minotaur

Skill      XL: |  1  2  3  4  5  6  7  8  9 10 11 12 |
---------------+-------------------------------------+-----
Spellcasting   | 2 3 4 5 6 7 8 9 |  9.2
Earth Magic    | 5 6 7 9 10 11 12 13 | 13.1
Maces & Flails | 1 3 4 5 6 7 8 |  8.5
Armour         | 1 2 3 4 5 6 |  6.9
Dodging        | 3 4 5 6 |  6.3
Fighting       | 1 2 3 4 |  4.1
Conjurations   | 1 2 3 4 |  4.4
Stealth        | 3 |  3.8
Transmutations | 1 |  1.3
Invocations    | 4 6 |  6.3
Shields        | 1 5 7 |  7.2
Polearms       | 1 |  1.8
Axes           | 3 |  3.3
Evocations     | 2 |  2.6

Action                   |  1- 3 |  4- 6 |  7- 9 | 10-12 | 13-15 || total
-------------------------+-------+-------+-------+-------+-------++-------
Melee: Whip              |    54 |       |       |       |       ||    54
       Flail             |       |   176 |   121 |   401 |       ||   698
       Spear             |       |       |       |   106 |       ||   106
       Kick              |       |       |       |    74 |     4 ||    78
       Battleaxe         |       |       |       |    43 |    10 ||    53
 Cast: Sandblast         |    31 |    53 |    85 |    98 |     2 ||   269
       Stone Arrow       |       |    15 |    53 |   116 |       ||   184
       Lee's Rapid Decon |       |       |     4 |    27 |     3 ||    34
       Petrify           |       |       |     1 |     5 |       ||     6
Invok: Minor Destruction |       |       |     1 |    23 |       ||    24
       Lesser Servant of |       |       |       |     5 |     1 ||     6
       Greater Servant o |       |       |       |     1 |       ||     1
 Abil: Heal Wounds       |     2 |     2 |     2 |     4 |     2 ||    12
Evoke: Wand              |       |       |       |     1 |     2 ||     3
  Use: Potion            |       |     5 |     4 |    11 |     5 ||    25
       Scroll            |       |       |    12 |    16 |       ||    28
 Stab: Sleeping          |       |     3 |     1 |     1 |       ||     5
       Distracted        |       |       |       |     1 |       ||     1
       Petrified         |       |       |       |    13 |       ||    13
       Petrifying        |       |       |       |     1 |       ||     1
  Eat: Chunk             |       |     8 |    13 |    19 |     1 ||    41
       Ration            |       |     1 |       |     5 |       ||     6
Armor: Robe              |     4 |       |       |       |       ||     4
       Ring mail         |     3 |    73 |    87 |   145 |     3 ||   311
       Storm dragon scal |       |       |       |    93 |       ||    93
Dodge: Dodged            |    35 |   109 |   113 |   294 |     9 ||   560
Block: Shield            |       |       |       |   263 |       ||   263
